 Dungeon Crawl Stone Soup version 0.27.1-4-g1640c2035a (webtiles) character file.

Game seed: 4540766824501187244

2211171 ABBCCCDDDD the Hoplite (level 26, 234/234 HPs)
             Began as a Deep Dwarf Delver on Oct 29, 2021.
             Was the Champion of Makhleb.
             Escaped with the Orb
             ... and 3 runes on Oct 31, 2021!
             The game lasted 01:31:38 (41360 turns).

ABBCCCDDDD the Hoplite (Deep Dwarf Delver)         Turns: 41360, Time: 01:31:39

Health: 234/234    AC: 43    Str: 29    XL:     26   Next: 21%
Magic:  14/14      EV: 13    Int:  9    God:    Makhleb [******]
Gold:   4000       SH: 31    Dex: 12    Spells: 35/35 levels left

rFire    + + +     SeeInvis +   y - +8 broad axe (flame)
rCold    + + +     Faith    .   b - +0 tower shield
rNeg     + + .     Spirit   .   F - +8 gold dragon scales
rPois    +         Reflect  +   K - +2 helmet {Int+3}
rElec    +         Harm     .   R - +1 cloak
rCorr    .         Rampage  .   W - +0 pair of gloves of Old and Reckless {rElec rC++}
Will     +++..                  Z - +2 pair of boots of the Hurricane {rC+}
Stlth    ..........             L - amulet of reflection
HPRegen  0.00/turn              T - ring of see invisible
MPRegen  0.14/turn              j - ring "Ybeatil" {rF++ rN+}

@: studying 2 skills
A: damage resistance, heal wounds, negative energy resistance 1, sense
surroundings 3, no regeneration, clumsy 1, dopey 2, frail 1
0: Orb of Zot
}: 3/15 runes: decaying, serpentine, abyssal
a: Heal Wounds, Renounce Religion, Minor Destruction, Lesser Servant of Makhleb,
Major Destruction, Greater Servant of Makhleb


You escaped.
You worshipped Makhleb.
Makhleb was exalted by your worship.
You visited 11 branches of the dungeon, and saw 50 of its levels.
You visited the Abyss 1 time.
You also visited: Desolation.

You collected 7176 gold pieces.
You spent 3176 gold pieces at shops.

Inventory:

Hand Weapons
 i - a +0 war axe of flaming
 p - the +14 obsidian axe {vorpal, Drain Fly SInv}
   (You acquired it on level 6 of the Dungeon)

   It inflicts extra damage upon your enemies.
   It occasionally summons demons to assist the wielder when it strikes in
   combat.
   Its wielder is mesmerised by any visible foes.
   It cannot be unequipped while any foes are visible.
   SInv:      It lets you see invisible.
   Fly:       It grants you flight.
   Drain:     It drains your maximum health when unequipped.
 y - a +8 broad axe of flaming (weapon)
Armour
 b - a +0 tower shield (worn)
 F - +8 gold dragon scales (worn)
 K - a +2 helmet of intelligence (worn)
 Q - a +2 plate armour of fire resistance
 R - a +1 cloak (worn)
 W - the +0 pair of gloves of Old and Reckless (worn) {rElec rC++}
   (You found it in the Desolation of Salt)

   rC:        It greatly protects you from cold.
   rElec:     It insulates you from electricity.
 Z - the +2 pair of boots of the Hurricane (worn) {rC+}
   (You found it on level 6 of the Lair of Beasts)

   rC:        It protects you from cold.
Jewellery
 j - the ring "Ybeatil" (right hand) {rF++ rN+}
   (You found it in the Desolation of Salt)

   [ring of positive energy]

   rF:        It greatly protects you from fire.
   rN:        It protects you from negative energy.
 v - a ring of willpower
 x - a ring of resist corrosion
 E - an amulet of magic regeneration
 L - an amulet of reflection (around neck)
 P - a +4 ring of slaying
 T - a ring of see invisible (left hand)
 X - the ring of Onuh {Fly rF+ rC+ Dex-3}
   (You found it in the Desolation of Salt)

   [ring of protection from cold]

   Dex:       It affects your dexterity (-3).
   rF:        It protects you from fire.
   rC:        It protects you from cold.
   Fly:       It grants you flight.
Wands
 g - a wand of digging (2)
 r - a wand of acid (14)
 B - a wand of mindburst (38)
 H - a wand of charming (38)
 M - a wand of paralysis (34)
 U - a wand of flame (51)
 Y - a wand of iceblast (42)
Scrolls
 a - 4 scrolls of blinking
 c - 4 scrolls of fog
 d - 9 scrolls of magic mapping
 e - 4 scrolls of fear
 l - 2 scrolls of silence
 o - 20 scrolls of identify
 w - 20 scrolls of teleportation
 I - 7 scrolls of holy word
 V - 6 scrolls of immolation
Potions
 f - 5 potions of haste
 m - a potion of invisibility
 n - 6 potions of berserk rage
 q - 11 potions of heal wounds
 s - 3 potions of ambrosia
 t - 3 potions of cancellation
 u - 4 potions of resistance
 z - 4 potions of magic
 A - 10 potions of might
 C - 10 potions of lignification
 G - 13 potions of curing
 N - 5 potions of attraction
 S - 8 potions of mutation
Miscellaneous
 h - a phantom mirror
 k - a tin of tremorstones (2/2)
 D - a phial of floods
 O - a condenser vane


   Skills:
 + Level 20.2 Fighting
 - Level 18.0 Axes
 + Level 20.3 Armour
 - Level 18.0 Dodging
 - Level 6.0 Stealth
 - Level 25.0 Shields
 - Level 5.2 Spellcasting
 - Level 18.0 Invocations
 - Level 15.0 Evocations


You had 35 spell levels left.
You didn't know any spells.
Your spell library contained the following spells:

 Spells                   Type           Power      Damage    Failure   Level
 Animate Skeleton         Necr           4%         N/A       94%         1
 Apportation              Tloc           4%         N/A       94%         1
 Beastly Appendage        Tmut           4%         N/A       94%         1
 Corona                   Hex            2%         N/A       94%         1
 Foxfire                  Conj/Fire      8%         2x1d4     94%         1
 Freeze                   Ice            8%         1d3       94%         1
 Magic Dart               Conj           8%         1d3       94%         1
 Pain                     Necr           8%         1d4       94%         1
 Shock                    Conj/Air       8%         1d3       94%         1
 Sting                    Tmut/Pois      8%         1d3       94%         1
 Summon Small Mammal      Summ           8%         N/A       94%         1
 Call Imp                 Summ           2%         N/A       98%         2
 Sublimation of Blood     Necr           1%         N/A       98%         2
 Wereblood                Tmut           2%         N/A       98%         2
 Call Canine Familiar     Summ           2%         N/A       100%        3
 Dazzling Flash           Conj/Hex       4%         N/A       100%        3
 Frozen Ramparts          Ice            4%         1d2       100%        3
 Gell's Gravitas          Tloc           1%         N/A       100%        3
 Ignite Poison            Fire/Tmut/Pois 2%         N/A       100%        3
 Inner Flame              Hex/Fire       2%         N/A       100%        3
 Lesser Beckoning         Tloc           1%         N/A       100%        3
 Mephitic Cloud           Conj/Pois/Air  2%         N/A       100%        3
 Ozocubu's Armour         Ice            2%         N/A       100%        3
 Portal Projectile        Hex/Tloc       4%         N/A       100%        3
 Spider Form              Tmut/Pois      1%         N/A       100%        3
 Summon Guardian Golem    Hex/Summ       2%         N/A       100%        3
 Teleport Other           Tloc           2%         N/A       100%        3
 Tukima's Dance           Hex            2%         N/A       100%        3
 Cause Fear               Hex            1%         N/A       100%        4
 Fulminant Prism          Conj/Hex       1%         3d6       100%        4
 Hailstorm                Conj/Ice       2%         3d3       100%        4
 Ice Form                 Ice/Tmut       2%         N/A       100%        4
 Iskenderun's Mystic Bla  Conj/Tloc      2%         2d3       100%        4
 Leda's Liquefaction      Hex/Erth       1%         N/A       100%        4
 Passage of Golubria      Tloc           N/A        N/A       100%        4
 Petrify                  Tmut/Erth      2%         N/A       100%        4
 Summon Lightning Spire   Summ/Air       2%         N/A       100%        4
 Agony                    Necr           2%         N/A       100%        5
 Alistair's Intoxication  Tmut/Pois      1%         N/A       100%        5
 Blade Hands              Tmut           1%         N/A       100%        5
 Bolt of Magma            Conj/Fire/Erth 1%         4d4       100%        5
 Excruciating Wounds      Necr           1%         N/A       100%        5
 Fireball                 Conj/Fire      1%         3d3       100%        5
 Freezing Cloud           Conj/Ice/Air   1%         6-21      100%        5
 Irradiate                Conj/Tmut      1%         3d13      100%        5
 Lee's Rapid Deconstruct  Erth           1%         3d5*      100%        5
 Manifold Assault         Tloc           2%         N/A       100%        5
 Metabolic Englaciation   Hex/Ice        1%         N/A       100%        5
 Silence                  Hex/Air        1%         N/A       100%        5
 Yara's Violent Unravell  Hex/Tmut       1%         3d3       100%        5
 Conjure Ball Lightning   Conj/Air       1%         3x3d6     100%        6
 Dispersal                Tloc           1%         N/A       100%        6
 Invisibility             Hex            1%         N/A       100%        6
 Simulacrum               Ice/Necr       1%         N/A       100%        6
 Statue Form              Tmut/Erth      1%         N/A       100%        6
 Dragon Form              Tmut           1%         N/A       100%        7
 Malign Gateway           Summ/Tloc      1%         N/A       100%        7
 Orb of Destruction       Conj           1%         N/A       100%        7
 Spellforged Servitor     Conj/Summ      1%         N/A       100%        7
 Storm Form               Tmut/Air       1%         N/A       100%        7
 Summon Hydra             Summ           1%         N/A       100%        7
 Discord                  Hex            1%         N/A       100%        8
 Disjunction              Tloc           1%         N/A       100%        8
 Maxwell's Capacitive Co  Air            1%         ∞         100%        8
 Necromutation            Tmut/Necr      1%         N/A       100%        8
 Summon Horrible Things   Summ           1%         N/A       100%        8
 Dragon's Call            Summ           1%         N/A       100%        9
 Polar Vortex             Ice            1%         N/A       100%        9
 Shatter                  Erth           1%         3d5*      100%        9


Dungeon Overview and Level Annotations

Branches:
Dungeon (15/15)            Temple (1/1) D:7            Lair (6/6) D:9
  Swamp (4/4) Lair:3        Snake (4/4) Lair:3        Slime (0/5) Lair:5
    Orc (2/2) D:10            Elf (3/3) Orc:2        Vaults (4/5) D:14
  Crypt (0/3) Vaults:2     Depths (5/5) D:15           Hell (visited)
    Zot (5/5) Depths:5    Desolation (visited)
    Dis: Hell:1         Geh: Hell:1         Coc: Hell:1         Tar: Hell:1

Altars:
Ashenzari
Cheibriados
Dithmenos
Elyvilon
Fedhas
Gozag
Hepliaklqana
Kikubaaqudgha
Makhleb
Okawaru
Qazlal
Ru
Sif Muna
Trog
Uskayaw
Vehumet
Wu Jian
Yredelemnul
Zin
The Shining One
Beogh

Shops:
D:5 *   D:7 (   D:12 !   Orc:2 ([*:   Elf:3 !   Snake:1 *?   Vaults:4 [(*

Portals:
Hell: Depths:1 Depths:2 Depths:3 Depths:4 Depths:5
Abyss: Depths:4
Pandemonium: Depths:2 Depths:3 Depths:5
Ziggurat: Depths:5
Trove: D:15 (give 6 scrolls of blinking)

Annotations:
D:2 1 runed translucent door, Crazy Yiuf
D:3 exclusion: orc priest
Lair:4 exclusion: oklob plant
Orc:1 3 runed translucent doors, Bolocvet's ghost, journeyman MiVM; Ypuqam's ghost, journeyman MiFi
Elf:3 1 runed translucent door, othur's ghost, veteran HOFi
Vaults:4 2 transporters, exclusion: orange crystal statue
Depths:2 7 runed translucent doors
Depths:3 3 runed translucent doors
Hell Geryon


Innate Abilities, Weirdness & Mutations

You are resistant to damage.
You can heal yourself by infusing magical energy.
You resist negative energy. (rN+)
You passively map a large area around you.
You do not regenerate.
You are clumsy. (Dex -2)
You are very dopey. (Int -4)
You are frail. (-10% HP)


Message History

You block the Executioner's attack. x2; The Executioner closely misses you.
The Executioner hits you but does no damage.
You slash the Executioner! You burn the Executioner.
The Executioner is severely wounded.
The Executioner misses you. You block the Executioner's attack. x2
The Executioner hits you. You block the Executioner's attack.
The Executioner hits you but does no damage.
You slash the Executioner! You burn the Executioner.
The Executioner is severely wounded.
The Executioner hits you but does no damage.
You block the Executioner's attack. x2
The Executioner hits you but does no damage.
The Executioner hits you. You block the Executioner's attack.
You barely miss the Executioner.
The Executioner is severely wounded.
You block the Executioner's attack. x3
The Executioner hits you but does no damage. x2
You block the Executioner's attack. The Executioner closely misses you.
You block the Executioner's attack. x2
You slice the Executioner!! You burn the Executioner.
You kill the Executioner!
Makhleb accepts your kill.
You feel better. The large abomination misses you.
You slash the large abomination! You burn the large abomination.
The large abomination is heavily damaged.
You block the large abomination's attack.
You slice the large abomination!! You burn the large abomination!
You destroy the large abomination!
Makhleb accepts your kill.
No target in view!
No target in view!
There is a stone staircase leading up here.
You climb upwards.
There is a stone staircase leading down here.
There is an open door here.
There is an open door here.
There is an open door here.
There is a staircase leading out of the dungeon here.
You have escaped!

.######......#.########.# ##.#
.............#..........# #.#
....>........#♣.♣#'###..# #.#
.......[.....#♣⌠♣#...#♣.# #.#
.............#♣♣♣#.♣.#♣.# ##.#
.#####.......# #...#♣⌠# #..#
.......##.#### ####'##### #.##
.########..# #..#...# #.# .#
##.# #@.'.### #.# .# #.# ######
#.# .# ####.#########
########.# .# #............#
#......#.# ##
####.##.##......###.#......#
####.....................##.###
.....##.#.###......###.####.#
#######............# #.####.# #
###.########## #......#


There were no monsters in sight!

Levels and vault maps discovered:
D:1:      sevenhm_arrival_forest_fort_small_3, layout_loops_cross
D:2:      layout_loops_ring, uniq_crazy_yiuf_cottage
D:3:      layout_basic, uniq_robin
D:4:      layout_basic, mainiacjoe_overflow_boulevard
D:5:      layout_loops_ring, pdpol_temple_overflow_zin_treasury_gozag_greed,
          nrook_pool_corridor, nicolae_shop_sticking_my_neck_out, uniq_sigmund
D:6:      layout_basic
D:7:      layout_loops_corners, lemuel_mausoleum_altar_yredelemnul,
          vehumet_crystals, minmay_temple_entry_statues_fountains, serial_shops,
          nicolae_shop_waterfront, kennysheep_generic_room_4
D:8:      cheibrodos_quashed, layout_cave_pods,
          chequers_temple_overflow_minitemple
D:9:      layout_long_grid, erik_lair_orcish_takeover,
          chequers_serial_rivers_small_b, chequers_mini_garden,
          chequers_arboretum
D:10:     layout_basic, erik_orc_1, uniq_maggie, uniq_snorg, uniq_urug
D:11:     layout_roguey
D:12:     layout_long_grid, serial_shops, shop, serial_undead, serial_undead_f,
          serial_undead_a, serial_undead_c, serial_undead_f
D:13:     layout_gridville, uniq_frances, uniq_erolcha, uniq_kirke
D:14:     layout_basic, david_vaults_1, trog_three_pillars_becter, uniq_agnes
D:15:     hangedman_depths_entry_try_elsewhere_first, layout_cave_pools,
          lemuel_coloured_pillars_altar, nicolae_trove_entry_free_sample
Temple:   nicolae_temple_x_marks_the_god
Lair:1:   layout_gridlike
Lair:2:   layout_long_grid, lemuel_fruit_tree, lemuel_fruit_fields
Lair:3:   layout_regular_city, skrybe_swamp_entry_bodies,
          minmay_snake_entry_six_corridors, grunt_megastairs_2, uniq_sonja
Lair:4:   layout_roguey, lemuel_fruit_fields, minmay_lair_oklob_chamber,
          grunt_megastairs_3
Lair:5:   layout_hall_layers, minmay_slime_entry_jelly_boxes,
          chequers_serial_rivers_micro_d, nicolae_quartered_pool_medium
Lair:6:   grunt_lair_end_beastmaster, layout_cellular_growth,
          chequers_serial_rivers_small_a, kennysheep_snail_temple,
          grunt_megastairs_5
Swamp:1:  layout_basic_swamp, evilmike_swamp_ruin_house_5
Swamp:2:  layout_basic_swamp, hangedman_swamp_ruin_wall, swamp_pool1
Swamp:3:  layout_basic_swamp, evilmike_swamp_ruin_rubble_2,
          infiniplex_staircase_pool
Swamp:4:  swamp_basic_johnstein, layout_basic_swamp
Snake:1:  layout_onion, minmay_shoptagon, uniq_nikola
Snake:2:  layout_onion_interference, uniq_azrael
Snake:3:  layout_rooms, grunt_megastairs_1, uniq_louise, uniq_aizul
Snake:4:  grunt_snake_rune_pools, layout_gridlike, nicolae_snake_squiggles,
          uniq_vashnia
Orc:1:    layout_diamond_mine, gammafunk_ghost_cemetery, uniq_jorgrun,
          uniq_maurice
Orc:2:    st_orc_congregation, layout_caves, basic_altar
Elf:1:    eino_elf_arrival_the_gate, layout_gridlike, minmay_elf_demonology,
          grunt_ministairs_1, fountainhead,
          nicolae_elf_double_double_double_trouble
Elf:2:    nicolae_elf_blades_crystal_corner, layout_gridlike,
          lemuel_upstairs_altar
Elf:3:    grunt_elf_hall_branching, layout_gridlike, ebering_ghost_inner_flame,
          minmay_shop_star, uniq_roxanne
Vaults:1: hangedman_vaults_locks, vaults_room_pools, v_rooms_3,
          nicolae_vaults_sealed_display, st_cross,
          ontoclasm_vaults_decontamination, nicolae_vaults_yaktaur_gun_rack,
          serial_ice_g, vaults_room_pools, layout_vaults_omnigrid,
          portal_desolation_entry_holy_temple
Vaults:2: ontoclasm_vaults_claustrophobia, v_misc_30,
          minmay_crypt_entry_nasty_monster, hangedman_vaults_maws,
          ontoclasm_vaults_hangar, ontoclasm_vaults_ring_square, v_misc_24,
          ontoclasm_vaults_spin, serial_ice_m, v_alt_pattern_6, v_misc_4,
          vaults_dpeg_diagonal, layout_vaults_big_room
Vaults:3: v_rooms_1, vaults_room_ringed_pool, ontoclasm_vaults_ring_large,
          vaults_dpeg_spiral, ontoclasm_vaults_chip, hangedman_vaults_nails,
          ontoclasm_vaults_shout, nicolae_vaults_little_ls, vaults_dpeg_hooks,
          hangedman_vaults_river_flow, nicolae_vaults_border_crossing,
          ontoclasm_vaults_ring_square, layout_vaults_maze_bifur
Vaults:4: nicolae_vaults_little_squares_2, v_misc_11, v_misc_11,
          nicolae_vaults_gold_heap, v_misc_11, hangedman_vaults_corner_blocks,
          v_alt_pattern_4, v_pattern_1, v_misc_27, nicolae_vaults_angled_halls,
          grunt_vaults_hallway_long, v_misc_26, gammafunk_sealed_arena,
          vaults_room_pools, vaults_room_hallway, layout_vaults_omnibox,
          serial_shops, nicolae_shop_overgrown_old_shop,
          nicolae_shop_statue_plus, shop
Depths:1: layout_cave_pools, hangedman_coc_ice_floe, gammafunk_ghost_crypt,
          nicolae_sif_muna_condensation, hellmonk_bongcloud_opening,
          serial_sigils_hangedman_writhe, minmay_variable_closet
Depths:2: minmay_five_octagons, layout_gridlike, grunt_pan_entry_spiral,
          special_room [special_room_jelly], hell_entry, corexii_corridor_pit
Depths:3: impenetrable_vault, layout_honeycomb, rand_demon_pan_entry_8,
          minmay_large_rounded_square, hangedman_tar_grid_catacomb,
          infiniplex_staircase_pool_2, serial_bayou_shore_b
Depths:4: minmay_open_boxes_in_corner, layout_honeycomb, hell_entry,
          abyss_entry, infiniplex_staircase_zigzag_3, grunt_megastairs_4,
          uniq_xtahua
Depths:5: grunt_zot_entry_tricorne, layout_cave_pools, enter_ziggurat_c,
          hell_entry, hangedman_decor_peaks_small, pan_entry,
          chequers_serial_rivers_micro_d, evilmike_ruin_ashenzari
Hell
Zot:1:    kennysheep_six_static_rooms, layout_basic
Zot:2:    layout_concentric_octagons, zot_minivault_5
Zot:3:    layout_misc_corridors, st_stairs_6
Zot:4:    kennysheep_spiral_hall, layout_concentric_octagons
Zot:5:    layout_misc_corridors

Notes
Turn   | Place    | Note
-------+----------+-------------------------------------------
     0 | D:5      | ABBCCCDDDD the Deep Dwarf Delver began the quest for the
                  | Orb.
     0 | D:5      | Reached XP level 1. HP: 20/20 MP: 1/1
   100 | D:3      | Noticed an orc priest
   159 | D:3      | Reached XP level 2. HP: 27/27 MP: 2/2
   184 | D:3      | Reached skill level 1 in Armour
   321 | D:2      | Reached XP level 3. HP: 32/34 MP: 3/3
  1145 | D:2      | Found a runed translucent door.
  1146 | D:2      | Noticed Crazy Yiuf
  1199 | D:2      | Reached XP level 4. HP: 36/42 MP: 4/4
  1647 | D:3      | Reached XP level 5. HP: 49/49 MP: 4/4
  1894 | D:3      | Noticed Robin
  1920 | D:3      | Killed Robin
  2239 | D:4      | Noticed an ogre
  2262 | D:4      | Killed an ogre
  2263 | D:4      | Reached skill level 5 in Axes
  2263 | D:4      | Reached XP level 6. HP: 46/57 MP: 3/3
  2391 | D:4      | Found an ancient bone altar of Kikubaaqudgha.
  2839 | D:5      | Noticed Sigmund
  2846 | D:5      | Killed Sigmund
  2847 | D:5      | Reached XP level 7. HP: 32/66 MP: 4/4
  2945 | D:5      | Found a glowing silver altar of Zin.
  3129 | D:5      | Found Gyjaxtan's Neck Hole.
  3382 | D:5      | Found an opulent altar of Gozag.
  3486 | D:6      | Reached skill level 5 in Fighting
  3494 | D:6      | Reached XP level 8. HP: 61/74 MP: 3/3
  3514 | D:6      | Reached skill level 5 in Armour
  3977 | D:6      | Reached skill level 1 in Shields
  4009 | D:6      | Identified a scroll of acquirement
  4037 | D:6      | Acquired the +14 obsidian axe {vorpal, Drain Fly SInv}
  4037 | D:6      | Found the +14 obsidian axe {vorpal, Drain Fly SInv}
  4373 | D:7      | Reached skill level 2 in Shields
  4457 | D:7      | Gained mutation: You passively map the area around you.
                  | [Deep Dwarf growth]
  4457 | D:7      | Reached XP level 9. HP: 56/82 MP: 2/2
  4489 | D:7      | Found Fyij's Weapon Shoppe.
  4615 | D:7      | Reached skill level 3 in Shields
  4649 | D:7      | Found a basalt altar of Yredelemnul.
  4712 | D:7      | Reached skill level 4 in Shields
  4797 | D:7      | Found a radiant altar of Vehumet.
  5040 | D:7      | Found a staircase to the Ecumenical Temple.
  5048 | Temple   | Entered the Ecumenical Temple
  5055 | Temple   | Became a worshipper of Makhleb the Destroyer
  5176 | D:8      | Noticed a cyclops
  5184 | D:8      | Killed a cyclops
  5185 | D:8      | Reached skill level 10 in Axes
  5255 | D:8      | Noticed a rust devil
  5257 | D:8      | Reached XP level 10. HP: 47/92 MP: 3/3
  5388 | D:8      | Acquired 921 gold pieces
  5772 | D:8      | Found a white marble altar of Elyvilon.
  5772 | D:8      | Found a broken altar of Ashenzari.
  5780 | D:8      | Found a snail-covered altar of Cheibriados.
  5782 | D:8      | Found a blossoming altar of Fedhas.
  5784 | D:8      | Found a bloodstained altar of Trog.
  6261 | D:9      | Reached * piety under Makhleb
  6307 | D:9      | Noticed a two-headed ogre
  6312 | D:9      | Killed a two-headed ogre
  6426 | D:9      | Found a staircase to the Lair.
  6847 | D:10     | Entered Level 10 of the Dungeon
  6854 | D:10     | Reached skill level 1 in Evocations
  6902 | D:10     | Noticed Snorg
  6911 | D:10     | Killed Snorg
  7003 | D:10     | Noticed Maggie
  7019 | D:10     | Killed Maggie
  7071 | D:10     | Noticed a smoke demon
  7072 | D:10     | Reached XP level 11. HP: 54/103 MP: 1/1
  7087 | D:10     | Reached ** piety under Makhleb
  7098 | D:10     | Reached skill level 1 in Spellcasting
  7470 | D:10     | Noticed Urug
  7478 | D:10     | Killed Urug
  7615 | D:10     | Found a staircase to the Orcish Mines.
  7851 | Lair:1   | Entered Level 1 of the Lair of Beasts
  7868 | Lair:1   | Reached skill level 5 in Evocations
  8702 | Lair:2   | Noticed a six-headed hydra
  8708 | Lair:2   | Killed a six-headed hydra
  8804 | Lair:2   | Reached *** piety under Makhleb
  8875 | Lair:2   | Noticed an eight-headed hydra
  8880 | Lair:2   | Killed a nine-headed hydra
  9409 | Lair:3   | Reached XP level 12. HP: 100/112 MP: 4/4
  9444 | Lair:3   | Found a staircase to the Snake Pit.
  9455 | Lair:3   | Reached skill level 10 in Armour
  9539 | Lair:3   | Noticed a catoblepas
  9547 | Lair:3   | Killed a catoblepas
  9740 | Lair:3   | Noticed an eight-headed hydra
  9747 | Lair:3   | Noticed Sonja
  9752 | Lair:3   | Killed an eight-headed hydra
  9755 | Lair:3   | Reached **** piety under Makhleb
  9766 | Lair:3   | Killed Sonja
  9777 | Lair:3   | Found a staircase to the Swamp.
 10512 | Lair:4   | Noticed a four-headed hydra
 10526 | Lair:4   | Killed a 12-headed hydra
 10996 | Lair:5   | Reached XP level 13. HP: 43/121 MP: 8/8
 11032 | Lair:5   | Reached skill level 15 in Axes
 11044 | Lair:5   | Reached ***** piety under Makhleb
 11059 | Lair:5   | Reached skill level 5 in Spellcasting
 11088 | Lair:5   | Found a staircase to the Slime Pits.
 11624 | Lair:6   | Entered Level 6 of the Lair of Beasts
 11661 | Lair:6   | Reached skill level 10 in Fighting
 11799 | Lair:6   | Found a snail-covered altar of Cheibriados.
 11949 | Lair:6   | Reached skill level 10 in Evocations
 12160 | Lair:6   | Reached skill level 1 in Invocations
 12168 | Lair:6   | Reached ****** piety under Makhleb
 12398 | Lair:6   | Noticed a dire elephant
 12587 | Lair:6   | Killed a dire elephant
 12588 | Lair:6   | Gained mutation: You resist negative energy. (rN+) [Deep
                  | Dwarf growth]
 12588 | Lair:6   | Reached XP level 14. HP: 133/133 MP: 9/9
 12707 | Lair:6   | Identified the +2 pair of boots of the Hurricane {rC+}
 13055 | Orc:1    | Entered Level 1 of the Orcish Mines
 13055 | Orc:1    | Noticed Maurice
 13060 | Orc:1    | Killed Maurice
 13077 | Orc:1    | Noticed Jorgrun
 13092 | Orc:1    | Killed Jorgrun
 13223 | Orc:1    | Found a runed translucent gate.
 13223 | Orc:1    | Found a runed translucent gate.
 13223 | Orc:1    | Found a runed translucent gate.
 13224 | Orc:1    | Noticed Bolocvet's ghost (journeyman MiVM)
 13224 | Orc:1    | Noticed Ypuqam's ghost (journeyman MiFi)
 13324 | Orc:2    | Entered Level 2 of the Orcish Mines
 13345 | Orc:2    | Found a staircase to the Elven Halls.
 13618 | Orc:2    | Noticed an orc warlord
 13624 | Orc:2    | Reached skill level 5 in Invocations
 13678 | Orc:2    | Killed an orc warlord
 13839 | Orc:2    | Found Yrifri's General Store.
 13839 | Orc:2    | Found Yhiyhuze's Book Emporium.
 13842 | Orc:2    | Found Zosoucsoit's Antique Armour Shoppe.
 13842 | Orc:2    | Found Kyitz's Antique Weapon Shoppe.
 13847 | Orc:2    | Bought a potion of curing for 36 gold pieces
 13847 | Orc:2    | Bought a potion of lignification for 36 gold pieces
 13857 | Orc:2    | Bought a glowing helmet for 247 gold pieces
 13995 | Orc:2    | Bought a manual of Invocations for 1040 gold pieces
 14824 | D:11     | Reached skill level 5 in Shields
 15393 | D:12     | Found Diciev's Distillery.
 15417 | D:12     | Bought a potion of heal wounds for 85 gold pieces
 15417 | D:12     | Bought a potion of mutation for 136 gold pieces
 15417 | D:12     | Bought a potion of might for 68 gold pieces
 15863 | D:13     | Noticed Kirke
 15868 | D:13     | Noticed Frances
 15875 | D:13     | Killed Kirke
 15876 | D:13     | Reached skill level 6 in Shields
 15881 | D:13     | Killed Frances
 15882 | D:13     | Reached XP level 15. HP: 142/142 MP: 8/8
 16097 | D:13     | Noticed Erolcha
 16105 | D:13     | Killed Erolcha
 16525 | D:14     | Found a gate to the Vaults.
 16532 | D:14     | Reached skill level 7 in Shields
 16576 | D:14     | Found a bloodstained altar of Trog.
 17073 | D:14     | Noticed Agnes
 17080 | D:14     | Killed Agnes
 17210 | D:15     | Entered Level 15 of the Dungeon
 17226 | D:15     | Reached skill level 10 in Invocations
 17256 | D:15     | Reached skill level 8 in Shields
 17321 | D:15     | Found a portal to a secret trove of treasure.
 17392 | D:15     | Found a staircase to the Depths.
 17498 | D:15     | Found a glowing golden altar of the Shining One.
 17589 | D:15     | Reached skill level 9 in Shields
 17919 | Snake:1  | Entered Level 1 of the Snake Pit
 18347 | Snake:1  | Found Rubom's Assorted Antiques.
 18352 | Snake:1  | Found Pisu Qae's Magic Scroll Boutique.
 18361 | Snake:1  | Bought an emerald potion for 28 gold pieces
 18361 | Snake:1  | Bought a scroll labelled ZARAMA XASAS for 32 gold pieces
 18361 | Snake:1  | Bought a notched copper ring for 160 gold pieces
 18361 | Snake:1  | Bought an opal ring for 160 gold pieces
 18444 | Snake:1  | Noticed Nikola
 18451 | Snake:1  | Killed Nikola
 18452 | Snake:1  | Reached skill level 10 in Shields
 18697 | Snake:2  | Reached XP level 16. HP: 80/152 MP: 9/9
 19085 | Snake:2  | Reached skill level 11 in Shields
 19098 | Snake:2  | Noticed Azrael
 19109 | Snake:2  | Identified the +3 scale mail "Igysyrah" {rN+ Str+3}
 19112 | Snake:2  | Killed Azrael
 19398 | Snake:3  | Noticed Aizul
 19410 | Snake:3  | Noticed Louise
 19427 | Snake:3  | Killed Aizul
 19428 | Snake:3  | Reached skill level 12 in Shields
 19431 | Snake:3  | Killed Louise
 19884 | Snake:4  | Entered Level 4 of the Snake Pit
 20074 | Snake:4  | Reached skill level 13 in Shields
 20594 | Snake:4  | Noticed Vashnia
 20629 | Snake:4  | Reached XP level 17. HP: 111/163 MP: 9/9
 20634 | Snake:4  | Killed Vashnia
 20713 | Snake:4  | Reached skill level 15 in Armour
 20873 | Snake:4  | Got a serpentine rune of Zot
 21016 | Swamp:1  | Entered Level 1 of the Swamp
 21022 | Swamp:1  | Reached skill level 14 in Shields
 21044 | Swamp:1  | Reached skill level 5 in Dodging
 21842 | Orc:2    | Upgraded the game from 0.27.1-3-gb3d3a73c9e to
                  | 0.27.1-4-g1640c2035a
 22061 | Snake:1  | Bought a scroll of acquirement for 884 gold pieces
 22063 | Snake:1  | Acquired 917 gold pieces
 22586 | Swamp:3  | Reached skill level 15 in Shields
 23056 | Swamp:4  | Entered Level 4 of the Swamp
 23250 | Swamp:4  | Gained mutation: You passively map a large area around you.
                  | [Deep Dwarf growth]
 23250 | Swamp:4  | Reached XP level 18. HP: 175/175 MP: 10/10
 23433 | Swamp:4  | Got a decaying rune of Zot
 23956 | Vaults:1 | Entered Level 1 of the Vaults
 24015 | Vaults:1 | Found a glowing silver altar of Zin.
 24015 | Vaults:1 | Found a white marble altar of Elyvilon.
 24023 | Vaults:1 | Found a glowing golden altar of the Shining One.
 24023 | Vaults:1 | Found a crumbling gateway.
 24058 | Desolati | Entered the Desolation of Salt
 24344 | Desolati | Reached skill level 10 in Dodging
 24395 | Desolati | Identified the ring of Onuh {Fly rF+ rC+ Dex-3}
 24419 | Desolati | Identified the ring "Ybeatil" {rF++ rN+}
 24451 | Desolati | Identified the +5 glaive of the Unspeakable One {holy,
                  | SInv}
 24542 | Desolati | Reached skill level 15 in Fighting
 24738 | Desolati | Identified the +0 pair of gloves of Old and Reckless {rElec
                  | rC++}
 24761 | Desolati | Got the Guide on Earthen Changing
 25423 | Vaults:1 | Reached XP level 19. HP: 165/186 MP: 11/11
 26048 | Vaults:2 | You are sucked into a shaft and drop 2 floors!
 26377 | Vaults:2 | Found a staircase to the Crypt.
 27105 | Vaults:2 | Identified the +1 chain mail of the Hills {rC+}
 28151 | Vaults:4 | Found Duaffaim's Antique Weapon Shoppe.
 28234 | Vaults:4 | Reached XP level 20. HP: 198/198 MP: 12/12
 28546 | Vaults:4 | Found Onuipreo's Assorted Antiques.
 28702 | Vaults:4 | Found a transporter.
 28702 | Vaults:4 | Noticed a golden dragon
 28712 | Vaults:4 | Found a transporter.
 28990 | Vaults:4 | Found Gosa's Antique Armour Boutique.
 29436 | Depths:1 | Entered Level 1 of the Depths
 29662 | Elf:1    | Entered Level 1 of the Elven Halls
 29817 | Elf:1    | Got the Collected Works on the Destructive Compass
 30052 | Elf:1    | Got Muteav's Guide on the Escort
 30092 | Elf:1    | Found a huge runed translucent gate.
 30093 | Elf:1    | Found a huge runed translucent gate.
 30093 | Elf:1    | Found a huge runed translucent gate.
 30093 | Elf:1    | Found a huge runed translucent gate.
 30094 | Elf:1    | Found a huge runed translucent gate.
 30095 | Elf:1    | Found a huge runed translucent gate.
 30095 | Elf:1    | Identified the +7 double sword of Theory {vorpal, rN+}
 30096 | Elf:1    | Found a huge runed translucent gate.
 30096 | Elf:1    | Found a huge runed translucent gate.
 30098 | Elf:1    | Identified the +8 double sword of Poc Lihueff {holy, rF+
                  | Will+}
 30909 | Elf:2    | Found a runed translucent gate.
 30909 | Elf:2    | Found a runed translucent gate.
 30909 | Elf:2    | Found a runed translucent gate.
 31112 | Elf:2    | Reached XP level 21. HP: 189/208 MP: 13/13
 31399 | Elf:3    | Entered Level 3 of the Elven Halls
 31408 | Elf:3    | Found a runed translucent door.
 31409 | Elf:3    | Noticed othur's ghost (veteran HOFi)
 31567 | Elf:3    | Identified Roxanne's Almanac of Moulding
 31567 | Elf:3    | Noticed Roxanne
 31577 | Elf:3    | Killed Roxanne
 31629 | Elf:3    | Paralysed by an air elemental for 1 turns
 31645 | Elf:3    | Reached skill level 15 in Dodging
 31768 | Elf:3    | Reached skill level 15 in Evocations
 31775 | Elf:3    | Cast into level 4 of the Abyss (a deep elf sorcerer)
 31840 | Abyss:4  | Identified the +8 hand crossbow of the Sky {freeze, *Slow
                  | Dex+5}
 31842 | Abyss:4  | Paralysed by a floating eye for 3 turns
 31961 | Abyss:4  | Got an abyssal rune of Zot
 32006 | Elf:3    | Escaped the Abyss
 32167 | Elf:3    | Identified the +7 hand crossbow of Melee {venom, rN+ SInv}
 32221 | Elf:3    | Found Quomnin's Distillery.
 32229 | Elf:3    | Bought 2 potions of heal wounds for 110 gold pieces
 32229 | Elf:3    | Bought a potion of might for 44 gold pieces
 32229 | Elf:3    | Bought 2 potions of heal wounds for 110 gold pieces
 32566 | Elf:3    | Identified the +2 robe of the Valley of Death {+Blink
                  | Dex+4}
 32595 | Elf:3    | Identified the +6 chain mail "Masefann" {Dex+3 SInv Stlth+}
 32598 | Elf:3    | Got Cuvobuf's Papyrus of Shape Shifting
 32600 | Elf:3    | Got the Almanac of the Glacier
 32602 | Elf:3    | Identified the +6 shortbow "Lak Wemn" {freeze, rPois rC-
                  | Will+}
 32801 | Elf:2    | Paralysed by an air elemental for 1 turns
 32807 | Elf:2    | Found a radiant altar of Vehumet.
 32926 | Elf:2    | Reached XP level 22. HP: 194/224 MP: 14/14
 33335 | Depths:1 | Found a gateway to Hell.
 33495 | Depths:1 | Found a shimmering blue altar of Sif Muna.
 33784 | Depths:1 | Found a runed translucent gate.
 33784 | Depths:1 | Found a runed translucent gate.
 33784 | Depths:1 | Found an ancient bone altar of Kikubaaqudgha.
 33784 | Depths:1 | Found a runed translucent gate.
 33784 | Depths:1 | Noticed a dread lich
 33784 | Depths:1 | Noticed Koczemux's ghost (veteran DsCj)
 33784 | Depths:1 | Noticed Pikuto's ghost (adept MiBe)
 33784 | Depths:1 | Noticed an ancient lich
 33805 | Depths:1 | Killed a dread lich
 33813 | Depths:1 | Killed an ancient lich
 33836 | Depths:1 | Killed Pikuto's ghost
 33841 | Depths:1 | Killed Koczemux's ghost
 33845 | Depths:1 | Identified the amulet "Gaac" {Acrobat -Tele rCorr Dex+4
                  | SInv}
 33848 | Depths:1 | Identified the +0 hat of Subjectivity {Contam Str+5 Int+7}
 34109 | Depths:2 | Found a large runed translucent door.
 34110 | Depths:2 | Noticed a juggernaut
 34111 | Depths:2 | Found a large runed translucent door.
 34113 | Depths:2 | Found a large runed translucent door.
 34243 | Depths:2 | Reached skill level 16 in Shields
 34263 | Depths:2 | Found a large runed translucent door.
 34273 | Depths:2 | Found a large runed translucent door.
 34275 | Depths:2 | Found a large runed translucent door.
 34285 | Depths:2 | Found a large runed translucent door.
 34425 | Depths:2 | Reached skill level 15 in Invocations
 34581 | Depths:2 | Found a one-way gate leading to the halls of Pandemonium.
 34764 | Depths:3 | Found a runed translucent door.
 34765 | Depths:3 | Found a runed translucent door.
 34784 | Depths:3 | Reached XP level 23. HP: 187/232 MP: 16/18
 34806 | Depths:3 | Found a runed translucent door.
 34809 | Depths:3 | Found a runed translucent door.
 34812 | Depths:3 | Noticed a juggernaut
 34825 | Depths:3 | Killed a juggernaut
 34919 | Depths:3 | Got the Tome of Aerial Execration
 34928 | Depths:3 | Got the Guide on Dislocation and Air
 35121 | Depths:4 | Reached skill level 17 in Shields
 35126 | Depths:4 | You are sucked into a shaft and drop 1 floor!
 35126 | Depths:5 | Entered Level 5 of the Depths
 35129 | Depths:5 | Noticed a caustic shrike
 35129 | Depths:5 | Noticed a caustic shrike
 35132 | Depths:5 | Noticed a caustic shrike
 35138 | Depths:5 | Noticed a caustic shrike
 35139 | Depths:5 | Killed a caustic shrike
 35140 | Depths:5 | Killed a caustic shrike
 35146 | Depths:5 | Killed a caustic shrike
 35154 | Depths:5 | Killed a caustic shrike
 35246 | Depths:5 | Found a broken altar of Ashenzari.
 35490 | Depths:5 | Found a gate to the Realm of Zot.
 35785 | Depths:5 | Found a gateway to a ziggurat.
 36052 | Depths:4 | Reached skill level 18 in Shields
 36112 | Depths:4 | Noticed Xtahua
 36118 | Depths:4 | Killed Xtahua
 36317 | Depths:4 | Noticed a caustic shrike
 36325 | Depths:4 | Killed a caustic shrike
 36456 | Depths:4 | Reached skill level 19 in Shields
 36470 | Depths:4 | Reached XP level 24. HP: 220/241 MP: 18/18
 36673 | Depths:4 | Found a one-way gate to the infinite horrors of the Abyss.
 37549 | Depths:3 | Reached skill level 20 in Shields
 38135 | Zot:1    | Entered Level 1 of the Realm of Zot
 38738 | Hell     | Entered the Vestibule of Hell
 38738 | Hell     | Noticed Geryon
 39276 | Zot:3    | Reached skill level 21 in Shields
 39370 | Zot:5    | Entered Level 5 of the Realm of Zot
 39639 | Zot:5    | Reached skill level 22 in Shields
 39696 | Zot:5    | Noticed an ancient lich
 39744 | Zot:5    | Killed an ancient lich
 39744 | Zot:5    | Noticed an orb of fire
 39747 | Zot:5    | Gained mutation: You are clumsy. (Dex -2) [an orb of fire]
 39759 | Zot:5    | Killed an orb of fire
 39761 | Zot:5    | Noticed an orb of fire
 39761 | Zot:5    | Noticed an orb of fire
 39761 | Zot:5    | Noticed a dread lich
 39775 | Zot:5    | Gained mutation: You are frail. (-10% HP) [an orb of fire]
 39783 | Zot:5    | Gained mutation: You are dopey. (Int -2) [an orb of fire]
 39787 | Zot:5    | Gained mutation: You are very dopey. (Int -4) [an orb of
                  | fire]
 39798 | Zot:5    | Killed an orb of fire
 39799 | Zot:5    | Reached XP level 25. HP: 214/224 MP: 16/16
 39820 | Zot:5    | Killed an orb of fire
 39821 | Zot:5    | Reached skill level 23 in Shields
 39830 | Zot:5    | Killed a dread lich
 39858 | Zot:5    | Noticed an ancient lich
 39858 | Zot:5    | Noticed a Killer Klown
 39920 | Zot:5    | Killed an ancient lich
 39966 | Zot:5    | Noticed an ancient lich
 39967 | Zot:5    | Noticed a dread lich
 39995 | Zot:5    | Killed an ancient lich
 39996 | Zot:5    | Reached skill level 24 in Shields
 40014 | Zot:5    | Killed a dread lich
 40021 | Zot:5    | Noticed a Killer Klown
 40023 | Zot:5    | Noticed a Killer Klown
 40023 | Zot:5    | Noticed a dread lich
 40044 | Zot:5    | Killed a dread lich
 40051 | Zot:5    | Killed a Killer Klown
 40064 | Zot:5    | Killed a Killer Klown
 40072 | Zot:5    | Noticed an ancient lich
 40108 | Zot:5    | Killed an ancient lich
 40170 | Zot:5    | Killed a Killer Klown
 40197 | Zot:5    | Reached skill level 25 in Shields
 40232 | Zot:5    | Noticed a Killer Klown
 40259 | Zot:5    | Killed a Killer Klown
 40395 | Zot:5    | Reached XP level 26. HP: 138/234 MP: 15/15
 40574 | Zot:5    | Got the Orb of Zot
 40750 | Zot:1    | Noticed Gayfuowaps the pandemonium lord
 40769 | Zot:1    | Killed Gayfuowaps the pandemonium lord
 41360 | D:$      | Escaped with the Orb!

Table legend: (Time is in decaauts)
 A = Elapsed time spent in this place.
 B = Non-inter-level travel time spent in this place.
 C = Inter-level travel time spent in this place.
 D = Time resting spent in this place.
 E = Time spent auto-exploring this place.
 F = Levels seen in this place.
 G = Mean time per level.
                   A        B        C        D        E       F      G
               +--------+--------+--------+--------+--------+-----+--------+
         Total |  40040 |  34666 |   5374 |    643 |  24116 |  52 |  770.0 |
       Dungeon |  12423 |  10551 |   1872 |    126 |   8041 |  15 |  828.2 |
        Temple |     14 |      8 |      6 |      0 |      0 |   1 |   14.0 |
          Lair |   5750 |   4832 |    918 |    302 |   3617 |   6 |  958.3 |
         Swamp |   2003 |   1840 |    163 |      0 |   1309 |   4 |  500.8 |
     Snake Pit |   2917 |   2684 |    233 |     57 |   1883 |   4 |  729.2 |
  Orcish Mines |   1524 |   1129 |    395 |      5 |    772 |   2 |  762.0 |
   Elven Halls |   3015 |   2809 |    206 |      0 |   1786 |   3 | 1005.0 |
        Vaults |   4751 |   3918 |    833 |      0 |   3002 |   4 | 1187.8 |
        Depths |   5088 |   4450 |    638 |    153 |   3095 |   5 | 1017.6 |
          Hell |     28 |     28 |      0 |      0 |      0 |   1 |   28.0 |
           Zot |   1583 |   1477 |    106 |      0 |    200 |   5 |  316.6 |
         Abyss |    186 |    186 |      0 |      0 |     38 |   1 |  186.0 |
    Desolation |    752 |    752 |      0 |      0 |    371 |   1 |  752.0 |
               +--------+--------+--------+--------+--------+-----+--------+

Top non-repeatable levels by time:
Depths:4: 1369 daAuts
Vaults:2: 1299 daAuts
Vaults:4: 1288 daAuts
    D:10: 1258 daAuts
  Lair:6: 1235 daAuts
Vaults:1: 1146 daAuts
     D:8: 1140 daAuts
Depths:3: 1129 daAuts
   Elf:3: 1121 daAuts
Depths:5: 1096 daAuts
  Lair:3: 1072 daAuts
   Zot:5: 1052 daAuts
Vaults:3: 1017 daAuts
   Elf:2: 1015 daAuts
 Snake:4: 1002 daAuts

Table legend:
 A = Kills in this place as a percentage of kills in entire the game.
 B = Kills by you in this place as a percentage of kills by you in the entire game.
 C = Kills by friends in this place as a percentage of kills by friends in the entire game.
 D = Other kills in this place as a percentage of other kills in the entire game.
 E = Experience gained in this place as a percentage of experience gained in the entire game.
 F = Experience gained in this place divided by the number of levels of this place that you have seen.
                   A       B       C       D       E      F
               +-------+-------+-------+-------+-------+----------------------
         Total | 100.0 | 100.0 | 100.0 | 100.0 | 100.0 | 26076.5
       Dungeon |  19.6 |  20.1 |  17.3 |   0.0 |   6.3 | 5685.1
          Lair |  10.2 |   9.3 |  16.5 |   0.0 |   3.8 | 8522.7
         Swamp |   6.3 |   6.0 |   8.1 |   8.3 |   5.2 | 17684.5
     Snake Pit |   8.7 |   8.2 |  11.5 |  16.7 |   7.1 | 24014.5
  Orcish Mines |   6.4 |   6.4 |   6.5 |   0.0 |   1.5 | 9941.5
   Elven Halls |  11.9 |  12.3 |   7.7 |  41.7 |  13.2 | 59538.3
        Vaults |  10.9 |  10.8 |  11.9 |   0.0 |  11.9 | 40269.2
        Depths |  13.3 |  14.1 |   8.5 |   8.3 |  24.1 | 65465.2
          Hell |   0.2 |   0.2 |   0.0 |   0.0 |   0.2 | 2786.0
           Zot |   5.9 |   6.2 |   3.5 |  25.0 |  22.0 | 59587.0
         Abyss |   2.0 |   2.4 |   0.0 |   0.0 |   1.7 | 22685.0
    Desolation |   4.5 |   3.9 |   8.5 |   0.0 |   3.1 | 42460.0
               +-------+-------+-------+-------+-------+----------------------

Action                   |  1- 3 |  4- 6 |  7- 9 | 10-12 | 13-15 | 16-18 | 19-21 | 22-24 | 25-27 || total
-------------------------+-------+-------+-------+-------+-------+-------+-------+-------+-------++-------
Melee: Hand axe          |    75 |   106 |   138 |       |       |       |       |       |       ||   319
       Broad axe         |       |       |    69 |   327 |   760 |   911 |  1198 |  1202 |   539 ||  5006
Throw: Dart              |       |     7 |     9 |     7 |     3 |     2 |       |       |       ||    28
Invok: Greater Servant o |       |       |       |       |       |       |       |     1 |     4 ||     5
 Abil: Heal Wounds       |     1 |     3 |     8 |    11 |     9 |    14 |       |    19 |    11 ||    76
Evoke: Wand              |       |       |       |     9 |     6 |     3 |     2 |     5 |       ||    25
       Condenser vane    |       |       |       |     2 |     3 |     1 |     3 |     3 |       ||    12
       Phial of floods   |       |       |       |       |       |       |       |     1 |       ||     1
  Use: Scroll            |       |       |    10 |     2 |     8 |     6 |     2 |    22 |     1 ||    51
       Potion            |       |       |       |       |     1 |    16 |     1 |     5 |       ||    23
 Stab: Sleeping          |     7 |     2 |     2 |       |       |       |       |       |       ||    11
       Distracted        |       |     1 |     1 |     5 |    12 |    22 |    15 |    11 |     4 ||    71
       Confused          |       |       |     1 |       |       |     1 |       |       |       ||     2
       Paralysed         |       |       |       |       |     2 |       |       |       |       ||     2
Armor: Ring mail         |    20 |    28 |    12 |       |       |       |       |       |       ||    60
       Leather armour    |     1 |       |       |       |       |       |       |       |       ||     1
       Chain mail        |       |       |    57 |    15 |       |       |       |       |       ||    72
       Plate armour      |       |       |       |   118 |   404 |   457 |   325 |   292 |       ||  1596
       Gold dragon scale |       |       |       |       |       |       |       |   173 |   117 ||   290
Dodge: Dodged            |    38 |    51 |    67 |   104 |   186 |   219 |   290 |   387 |    76 ||  1418
Block: Buckler           |       |       |    13 |   141 |   316 |       |       |       |       ||   470
       Reflection        |       |       |       |     2 |    35 |    44 |   100 |    13 |    12 ||   206
       Kite shield       |       |       |       |       |    38 |   728 |   770 |   941 |    35 ||  2512
       Tower shield      |       |       |       |       |       |       |       |       |   396 ||   396

Vanquished Creatures
  4 dread liches
  4 ancient liches
  3 orbs of fire (Zot:5)
  The ghost of Koczemux the Sorcerer, a veteran DsCj of Sif Muna (Depths:1)
  A pandemonium lord (Zot:1)
  A curse toe (Zot:5)
  4 Killer Klowns (Zot:5)
  4 caustic shrikes (Depths:5)
  Xtahua (Depths:4)
  Vashnia (Snake:4)
  4 golden dragons
  A profane servitor (D:8)
  A bone dragon (Abyss:4)
  The ghost of Pikuto the Slayer, an adept MiBe of Trog (Depths:1)
  2 electric golems (Zot:5)
  4 tentacled monstrosities
  Jorgrun (Orc:1)
  24 Orb Guardians
  5 liches
  A titan (Depths:3)
  A quicksilver dragon (Zot:4)
  4 deep elf blademasters
  2 deep elf master archers (Elf:3)
  2 acid blobs (Depths:2)
  2 sphinxes
  Agnes (D:14)
  4 death cobs
  An Executioner (D:2)
  2 tentacled starspawn (Abyss:4)
  Frances (D:13)
  3 tengu reavers
  2 shadow dragons
  A thorn hunter (Swamp:4)
  2 draconian monks
  7 storm dragons
  5 rockslimes (Depths:2)
  2 daevas (Depths:5)
  A nagaraja (Snake:2)
  5 vault wardens
  A fenstrider witch (Swamp:3)
  9 frost giants
  3 fire giants
  3 deep elf sorcerers (Elf:3)
  6 azure jellies (Depths:2)
  An orc warlord (Orc:2)
  Louise (Snake:3)
  2 balrugs
  4 draconian knights
  A frost giant (shapeshifter) (Depths:3)
  An iron dragon (Depths:5)
  5 draconian scorchers
  A draconian stormcaller (Zot:5)
  Aizul (Snake:3)
  4 ghouls
  3 angels
  A cacodemon (D:3)
  5 deep elf elementalists
  3 draconian annihilators
  9 ironbound preservers
  25 very ugly things
  4 spriggan defenders
  A caustic shrike skeleton (Depths:2)
  A war gargoyle (Vaults:3)
  3 reapers
  A juggernaut skeleton (Depths:2)
  10 stone giants
  10 deep elf demonologists
  A vampire knight (Depths:3)
  A green draconian (Zot:1)
  A lorocyproca (Depths:1)
  A black draconian (Zot:3)
  8 red draconians
  8 deep elf annihilators
  2 halazid warlocks (Desolation)
  4 bunyips
  2 entropy weavers
  4 yellow draconians
  2 dire elephants
  7 purple draconians
  Azrael (Snake:2)
  3 white draconians
  Snorg (D:10)
  3 eleionomae
  3 blizzard demons
  12 deep elf death magi
  5 crystal guardians
  A green death (Abyss:4)
  A merfolk impaler (Abyss:4)
  A jiangshi (Depths:4)
  2 ragged hierophants (Desolation)
  4 yaktaur captains
  5 ettins
  8 great orbs of eyes
  4 salamander tyrants
  3 deep elf high priests (Elf:3)
  2 shambling mangroves
  11 fire dragons
  5 vault guards (Vaults:4)
  An ice dragon (Depths:3)
  16 hydras
  A hell beast (Depths:3)
  Erolcha (D:13)
  7 naga warriors
  9 ironbound thunderhulks
  3 servants of whispers (Desolation)
  2 spriggan air magi
  2 catoblepae
  A monstrous demonspawn (Depths:3)
  4 rakshasas
  7 peacekeepers
  A ghost crab (Swamp:3)
  8 ironbound frosthearts
  3 boulder beetles
  9 anacondas
  9 centaur warriors
  2 alligators
  7 two-headed ogres
  5 death yaks (Lair:6)
  5 tengu warriors
  10 deep troll shamans
  3 ironbound beastmasters
  A vampire mage (Depths:4)
  7 spriggan berserkers
  9 deep troll earth magi
  35 dancing weapons
  A thrashing horror (Abyss:4)
  4 orc high priests (Orc:2)
  12 naga sharpshooters
  3 shock serpents
  6 sun demons
  Urug (D:10)
  Sonja (Lair:3)
  10 spriggans
  32 deep elf knights
  11 hell knights
  A soul eater (Hell)
  A spatial maelstrom (Abyss:4)
  13 salamander mystics
  3 wretched stars (Abyss:4)
  5 goliath frogs
  A storm dragon skeleton (Depths:4)
  4 iron trolls
  4 sixfirhies
  A golden dragon zombie (Depths:2)
  A spriggan druid (Swamp:2)
  A flayed ghost (Depths:2)
  5 wizards
  18 deep elf archers
  34 deep trolls
  4 glowing orange brains
  11 bog bodies
  A harpy (shapeshifter) (D:15)
  5 swamp dragons
  13 ironbound convokers
  5 orc knights
  6 lindwurms
  29 deep elf pyromancers
  6 necromancers
  2 sphinx zombies (Depths:4)
  39 deep elf zephyrmancers
  35 ugly things
  3 mana vipers
  2 phantasmal warriors (Depths:5)
  3 cyclopes
  6 orc sorcerers
  A wolf spider (D:15)
  2 will-o-the-wisps
  4 elephants (Lair:6)
  21 salamanders
  A fire giant skeleton (Depths:2)
  2 manticores
  A worldbinder (Abyss:4)
  9 guardian serpents
  9 vault sentinels
  7 moths of wrath
  A spriggan zombie (Depths:4)
  Maurice (Orc:1)
  A molten gargoyle (Desolation)
  7 naga magi
  22 black mambas
  2 orange demons
  A torpor snail (Lair:6)
  A rust devil (Abyss:4)
  5 smoke demons
  9 cane toads
  Maggie (D:10)
  3 unseen horrors
  3 kobold demonologists
  6 rime drakes
  3 komodo dragons
  A demonic crawler (Hell)
  7 yaktaurs
  6 tengu conjurers
  2 red devils
  A freezing wraith (Vaults:3)
  10 trolls
  An ice devil (Depths:3)
  A jumping spider (shapeshifter) (D:15)
  6 tyrant leeches
  5 polar bears
  14 hornets
  44 saltlings (Desolation)
  8 blink frogs
  9 raiju (Abyss:4)
  A fire giant simulacrum (Depths:4)
  3 large abominations
  A meliai zombie (D:12)
  3 dream sheep
  36 slime creatures
  4 air elementals
  Sigmund (D:5)
  2 redbacks
  A vampire (D:12)
  5 water elementals
  30 yaks
  4 wraiths
  2 shadows (D:11)
  3 hogs (D:13)
  A ynoxinul (D:8)
  6 fire elementals
  5 wyverns
  4 golden eyes (Zot:5)
  4 vampire mosquitoes (Swamp:2)
  4 basilisks
  A chaos spawn (Depths:1)
  A hog (shapeshifter) (D:13)
  A steam dragon (D:8)
  33 nagas
  11 swamp worms
  17 water moccasins
  A hell hound (Snake:2)
  2 small abominations (Abyss:4)
  A floating eye (shapeshifter) (Abyss:4)
  A hornet zombie (D:7)
  7 swamp drakes
  25 orc warriors
  3 ice beasts
  3 black bears
  6 necrophages
  8 ogres
  9 centaurs
  A phantom (D:4)
  18 wolves
  2 kobold brigands (D:10)
  12 bullfrogs
  2 gnoll sergeants
  3 wyvern zombies (D:7)
  3 earth elementals
  4 scorpions
  A water moccasin skeleton (D:5)
  4 killer bees (D:11)
  4 wights
  4 howler monkeys
  2 electric eels
  A lava snake (Lair:1)
  3 bullfrog zombies
  3 centaur zombies
  A human zombie (D:7)
  14 jellies
  A bullfrog skeleton (D:6)
  A gnoll shaman (D:6)
  25 orc priests
  An iguana (D:6)
  26 orc wizards
  6 lightning spires (Abyss:4)
  9 hell rats
  3 killer bee zombies (D:7)
  3 mummies
  Robin (D:3)
  18 gnolls
  7 adders
  A shadow imp (D:6)
  6 white imps
  An ufetubus (D:5)
  2 worms
  2 dart slugs
  79 orcs
  8 ball pythons
  6 endoplasms
  5 giant cockroaches
  13 goblins
  5 hobgoblins
  4 jackals (D:4)
  6 quokkas
  3 bats
  10 kobolds
  2 rats
  5 briar patches (Swamp:4)
  3 starspawn tentacles (Abyss:4)
1694 creatures vanquished.

Vanquished Creatures (collateral kills)
  A juggernaut (Depths:3)
  A curse toe (Zot:5)
  A caustic shrike (Depths:4)
  2 golden dragons (Zot:5)
  Nikola (Snake:1)
  3 Orb Guardians (Zot:5)
  A sphinx (Vaults:2)
  A shadow dragon (Zot:5)
  A nagaraja (Snake:4)
  Roxanne (Elf:3)
  Kirke (D:13)
  A draconian knight (Zot:5)
  2 azure jellies (Depths:2)
  2 frost giants
  A vault warden (Vaults:3)
  A ghoul (Swamp:1)
  2 imperial myrmidons (Desolation)
  An orc warlord (Vaults:1)
  An ironbound preserver (Vaults:1)
  2 very ugly things (Vaults:3)
  A stone giant (Depths:5)
  A deep elf annihilator (Elf:3)
  A white draconian (Depths:5)
  A jiangshi (Depths:4)
  3 eleionomae
  A fire dragon (Depths:2)
  An ettin (Depths:4)
  2 yaktaur captains (Vaults:3)
  3 ragged hierophants (Desolation)
  A great orb of eyes (Depths:2)
  An ironbound thunderhulk (Vaults:2)
  7 servants of whispers (Desolation)
  A rakshasa (Depths:2)
  2 naga warriors
  2 salamander tyrants (Snake:4)
  An ice dragon (Depths:4)
  A boulder beetle (D:14)
  A peacekeeper (Desolation)
  9 hydras
  An ironbound frostheart (Vaults:4)
  2 two-headed ogres
  2 dancing weapons (Elf:2)
  A tengu warrior (Depths:3)
  2 deep troll shamans
  A death yak (Lair:6)
  A deep troll earth mage (Depths:3)
  3 naga sharpshooters
  2 hell knights (Depths:4)
  2 iron trolls
  3 shock serpents
  3 deep elf knights
  5 deep trolls
  A salamander mystic (Snake:2)
  2 swamp dragons
  A naga ritualist (Snake:2)
  4 deep elf archers (Elf:1)
  2 bog bodies
  2 orc knights (Orc:2)
  An ironbound convoker (Vaults:3)
  8 deep elf pyromancers
  An orc sorcerer (Orc:2)
  3 deep elf zephyrmancers
  6 salamanders
  A will-o-the-wisp (Swamp:1)
  A manticore (D:14)
  A moth of wrath (Zot:5)
  7 ugly things
  2 naga magi
  A black mamba (Lair:3)
  An elephant (Lair:6)
  A cane toad (Lair:5)
  2 vault sentinels
  A guardian serpent (Snake:4)
  2 rime drakes (Lair:1)
  A yaktaur (Vaults:1)
  A kobold demonologist (D:10)
  2 komodo dragons
  9 saltlings (Desolation)
  A hornet (Swamp:4)
  3 blink frogs
  12 slime creatures
  7 dream sheep
  2 spriggans
  A shadow (D:13)
  A yak (shapeshifter) (D:15)
  13 yaks
  A fire elemental (Snake:2)
  2 hogs (D:13)
  A swamp worm (Swamp:4)
  2 wargs (D:9)
  5 nagas
  5 water moccasins
  A hell hound (Snake:2)
  2 swamp drakes
  8 orc warriors
  An ogre (Orc:1)
  3 wolves
  3 centaurs
  2 kobold brigands (D:12)
  A wight (D:7)
  2 centaur zombies
  A jelly (Lair:5)
  4 orc priests
  5 orc wizards
  2 hell rats
  A mummy (D:7)
  9 orcs
  3 butterflies
263 creatures vanquished.

Vanquished Creatures (others)
  An ancient lich (Zot:5)
  An Orb Guardian (Zot:5)
  2 deep elf elementalists (Elf:3)
  A green draconian (Zot:2)
  A vampire knight (Depths:5)
  A shock serpent (Snake:3)
  A deep elf pyromancer (Elf:3)
  2 deep elf zephyrmancers
  A salamander (Snake:3)
  A bloated husk (Swamp:4)
  A saltling (Desolation)
  A human (D:13)
  An orc wizard (D:9)
  11 foxfires
  15 fungi
  A pillar of salt (Desolation)
  49 plants
  2 starspawn tentacles (Abyss:4)
93 creatures vanquished.

Grand Total: 2050 creatures vanquished
